Map: Habitation Station LE (Void)

Players

Chammy (Cham) - Winner!

  • Race: Zerg Zerg
  • League: Grandmaster
  • Spawn Location: 1:00

HeroMarine

  • Race: Terran Terran
  • Spawn Location: 11:00

Event: NationWars IV

VOD

Have the link to the VOD?

Description

Time

  • Played on: Jan. 7, 2017, 3:38 p.m.
  • Length: 27:02
Show
View Real Time Build Order
Export as new Build Order

Chammy Zerg - Winner!

Build Orders: Hatch First 

Get SALT Encoding   

  12  0:00  Drone  
  13  0:09  Drone  
  14  0:16  Overlord  
  14  0:35  Drone x3  
  17  0:53  Hatchery  
  17  0:55  Drone  
  17  0:58  Drone  
  18  1:08  Extractor  
  17  1:12  Spawning Pool  
  17  1:16  Drone  
  17  1:20  Drone  
  18  1:31  Drone  
  19  1:42  Overlord  
  19  2:00  Queen  
  21  2:02  Zergling x4  
  21  2:05  Queen  
  21  2:06  Zergling x2  
  26  2:08  Metabolic Boost  
  26  2:15  Drone  
  27  2:17  Drone  
  28  2:25  Overlord  
  28  2:28  Drone  
  29  2:35  Drone  
  30  2:41  Drone, Queen  
  33  2:47  Overlord  
  33  2:49  Drone  
  34  2:52  Queen  
  34  2:56  Drone  
  37  3:00  Drone  
  38  3:08  Drone x2  
  38  3:10  Drone  
  38  3:11  Drone x2  
  43  3:13  Drone x3  
  43  3:18  Drone  
  47  3:35  Hatchery  
  47  3:38  Drone x2  
  48  3:45  Overlord  
  48  3:48  Drone x4  
  52  3:58  Overlord  
  52  4:00  Overlord  
  52  4:05  Drone x3, Evolution Chamber  
  52  4:06  Drone  
  52  4:07  Evolution Chamber  
  54  4:12  Drone x2  
  54  4:13  Queen x2  
  60  4:24  Zergling x4  
  60  4:25  Zergling x4  
  64  4:32  Zerg Ground Armor Level 1  
  64  4:33  Zerg Melee Weapons Level 1  
  64  4:35  Zergling x2  
  65  4:39  Zergling x6  
  68  4:48  Queen  
  68  4:49  Queen x2  
  68  4:51  Zergling x4  
  76  4:58  Zergling x2  
  76  4:59  Zergling x6  
  80  5:03  Drone  
  80  5:04  Drone  
  82  5:07  Overlord  
  82  5:09  Overlord  
  82  5:13  Extractor  
  81  5:14  Spore Crawler  
  81  5:20  Drone x2  
  82  5:23  Overlord  
  82  5:25  Lair  
  82  5:29  Drone x2  
  82  5:30  Spore Crawler, Drone x3  
  82  5:31  Overlord  
  82  5:33  Overlord  
  86  5:38  Baneling Nest, Drone x3  
  87  5:44  Drone x2  
  87  5:45  Drone x2  
  87  5:46  Drone  
  92  5:53  Zergling x4  
  92  5:54  Extractor x2  
  92  5:58  Zergling x2  
  92  5:59  Drone, Hatchery  
  92  6:00  Drone x2  
  95  6:05  Drone x2  
  95  6:11  Zergling x12  
  95  6:12  Zergling x2  
  102  6:21  Queen  
  102  6:22  Centrifical Hooks  
  102  6:24  Zergling x6  
  102  6:25  Baneling x3  
  107  6:32  Overseer  
  106  6:35  Overlord  
  106  6:38  Drone  
  107  6:41  Zergling x6  
  107  6:42  Zergling x10  
  113  6:48  Zergling x4  
  115  6:57  Zergling x6  
  115  7:00  Zergling x6  
  121  7:01  Zerg Ground Armor Level 2  
  121  7:02  Zerg Melee Weapons Level 2  
  121  7:08  Overlord  
  121  7:10  Zergling x4, Hatchery  
  121  7:12  Zergling x2  
  121  7:14  Baneling x2  
  121  7:15  Zergling x4  
  126  7:30  Zergling x26  
  137  7:40  Zergling x8  
  140  7:46  Drone  
  140  7:47  Baneling x2, Infestation Pit  
  140  7:49  Queen  
  140  7:50  Hatchery  
  141  7:51  Zergling x2  
  141  7:52  Zergling x4  
  141  7:53  Baneling x3  
  141  7:58  Overlord x2  
  144  7:59  Overseer  
  144  8:02  Overlord  
  144  8:03  Baneling x5  
  143  8:07  Overlord  
  143  8:18  Baneling x2  
  140  8:23  Zergling x2  
  140  8:24  Zergling x24  
  150  8:27  Hive  
  150  8:32  Zergling x4  
  150  8:33  Zergling x2  
  153  8:38  Zergling x4  
  153  8:40  Baneling x3  
  155  8:44  Baneling  
  155  8:45  Baneling x2  
  155  8:46  Zergling x4  
  157  8:50  Zergling x8  
  157  8:51  Queen x3  
  167  8:58  Zergling x12  
  167  8:59  Zergling x2  
  167  9:01  Overlord x2  
  167  9:02  Overlord  
  174  9:03  Drone x4  
  174  9:04  Drone  
  174  9:07  Queen  
  181  9:14  Zergling x2  
  181  9:15  Zergling x4  
  179  9:19  Drone  
  180  9:29  Zergling x18  
  153  9:32  Zergling x2  
  153  9:35  Baneling x5  
  152  9:38  Overseer  
  152  9:43  Zergling x6  
  152  9:44  Zergling x2  
  152  9:45  Zergling x8  
  156  9:48  Adrenal Glands  
  156  9:50  Ultralisk Cavern  
  156  9:52  Zergling x6  
  156  9:53  Zergling x6  
  156  9:54  Zergling x2  
  156  9:55  Zergling x2  
  161  10:00  Zergling x2  
  161  10:01  Zergling x6  
  161  10:02  Zergling x2  
  163  10:09  Zergling x4  
  163  10:11  Zergling x4  
  156  10:14  Baneling x5  
  156  10:16  Baneling x4  
  156  10:17  Zergling x2, Baneling  
  156  10:18  Zergling x4  
  156  10:19  Zergling x14  
  140  10:29  Zergling x4  
  140  10:33  Zergling x14  
  140  10:34  Overseer  
  127  10:36  Chitinous Plating  
  127  10:38  Zerg Ground Armor Level 3  
  127  10:40  Extractor  
  126  10:53  Ultralisk  
  131  11:00  Ultralisk, Zergling x4  
  131  11:01  Zergling x2  
  131  11:02  Zergling x4  
  142  11:10  Zergling x4  
  144  11:11  Zergling x4  
  144  11:12  Zergling x4  
  144  11:13  Overlord  
  144  11:15  Drone  
  144  11:17  Extractor, Spore Crawler, Drone x2  
  144  11:18  Drone  
  150  11:19  Zergling x10  
  150  11:21  Zergling x6, Hatchery  
  134  11:34  Zergling x12  
  134  11:35  Zergling x14  
  134  11:39  Baneling x3  
  135  11:40  Baneling x2  
  135  11:41  Zergling x2  
  132  11:52  Zergling x4  
  133  11:55  Spire, Drone  
  133  11:56  Ultralisk  
  133  11:57  Zergling x6  
  142  12:03  Zergling x4  
  142  12:05  Ultralisk, Baneling  
  142  12:06  Baneling x2  
  142  12:08  Zergling x4  
  152  12:09  Zergling x2  
  152  12:10  Zergling x2  
  152  12:14  Zergling x8  
  122  12:24  Ultralisk, Zergling x2  
  122  12:25  Zergling x4  
  123  12:31  Drone  
  123  12:32  Drone x2  
  123  12:33  Zergling x2  
  123  12:34  Zergling x2  
  123  12:35  Baneling x2  
  123  12:36  Baneling x5  
  128  12:37  Zergling x4  
  128  12:38  Zergling x2  
  131  12:46  Ultralisk  
  131  12:47  Zergling x2  
  113  13:05  Ultralisk, Zergling x6  
  110  13:06  Zergling x2  
  110  13:07  Zergling x2  
  110  13:12  Corruptor x2  
  111  13:13  Zergling x2  
  111  13:14  Zergling x4  
  111  13:15  Zergling x2  
  116  13:22  Zergling x8  
  116  13:23  Zergling x4  
  116  13:24  Zergling x2  
  116  13:25  Zergling x4  
  116  13:26  Extractor  
  122  13:28  Baneling x4  
  122  13:29  Baneling x2  
  122  13:30  Corruptor  
  122  13:31  Zergling x2  
  122  13:32  Baneling  
  122  13:33  Baneling  
  125  13:34  Zergling x6  
  125  13:36  Zergling x6  
  125  13:39  Zergling x2  
  125  13:40  Zergling x2  
  133  13:46  Zergling x2  
  134  13:52  Corruptor  
  134  13:53  Corruptor x2  
  127  13:58  Corruptor  
  127  14:02  Corruptor  
  104  14:03  Zergling x8  
  104  14:04  Zergling x2  
  104  14:08  Corruptor  
  108  14:16  Zergling x8  
  109  14:21  Hatchery  
  108  14:26  Baneling x3  
  108  14:27  Baneling x3  
  108  14:28  Corruptor  
  108  14:30  Baneling x2  
  108  14:31  Baneling  
  110  14:32  Zergling x4  
  112  14:41  Ultralisk  
  112  14:42  Zergling x4  
  112  14:45  Zergling x2  
  121  14:47  Baneling x3  
  121  14:50  Zergling x6  
  123  14:54  Zergling x4  
  123  14:55  Zergling x4  
  123  14:58  Zergling x2  
  128  15:01  Zergling x4  
  128  15:05  Zergling x6  
  133  15:09  Zergling x6  
  133  15:14  Zergling x2  
  134  15:17  Zergling x2  
  134  15:18  Zergling x4  
  119  15:25  Ultralisk  
  119  15:29  Baneling x4  
  119  15:30  Baneling x2  
  119  15:33  Zergling x4  
  119  15:40  Zerg Melee Weapons Level 3  
  117  15:46  Overseer  
  117  15:51  Hatchery  
  117  15:53  Baneling x4  
  115  15:59  Ultralisk  
  115  16:00  Zergling x2  
  122  16:09  Baneling x3  
  122  16:10  Zergling x8, Baneling  
  122  16:11  Zergling x2  
  127  16:12  Zergling x4  
  127  16:13  Baneling  
  127  16:14  Baneling  
  127  16:16  Zergling x4  
  131  16:21  Drone x2  
  131  16:26  Zergling x4  
  131  16:28  Baneling x5  
  131  16:29  Baneling  
  133  16:34  Zergling x2  
  133  16:37  Zergling x4  
  133  16:39  Corruptor  
  138  16:46  Ultralisk  
  144  16:49  Zergling x4  
  143  16:58  Ultralisk  
  147  17:02  Zergling x6  
  147  17:07  Zergling x6  
  152  17:10  Corruptor  
  154  17:15  Corruptor  
  154  17:20  Corruptor  
  157  17:29  Corruptor x3  
  160  17:35  Zergling x2  
  132  17:47  Ultralisk  
  132  17:48  Ultralisk  
  119  17:52  Ultralisk, Zergling x4  
  119  17:54  Zergling x2  
  119  17:56  Zergling x2  
  119  17:58  Zergling x2  
  107  18:00  Zergling x2  
  107  18:02  Zergling x2  
  107  18:03  Zergling x2  
  102  18:19  Ultralisk  
  105  18:30  Ultralisk  
  105  18:31  Zergling x2  
  101  18:37  Zergling x6  
  101  18:38  Overseer  
  96  18:45  Zergling x4  
  96  18:47  Zergling x4  
  94  18:55  Baneling Nest  
  93  19:06  Greater Spire  
  93  19:14  Ultralisk  
  99  19:17  Hatchery  
  97  19:28  Ultralisk  
  97  19:30  Zergling x6  
  106  19:40  Zergling x4  
  106  19:41  Zergling x6  
  106  19:44  Baneling x5  
  106  19:45  Baneling x2  
  110  19:48  Extractor  
  110  19:51  Extractor  
  108  19:54  Zergling x4  
  108  19:55  Zergling x4  
  108  19:56  Zergling x2  
  113  20:04  Zergling x8  
  116  20:15  Zergling x6  
  119  20:26  Brood Lord x2, Queen  
  119  20:27  Queen  
  127  20:34  Brood Lord  
  128  20:43  Corruptor  
  128  20:48  Corruptor  
  132  20:52  Zergling x2  
  132  20:53  Zergling x8  
  137  20:58  Zergling x4  
  136  21:04  Brood Lord  
  136  21:06  Queen x2  
  142  21:14  Brood Lord  
  142  21:17  Queen  
  146  21:20  Queen  
  146  21:23  Baneling  
  146  21:24  Baneling x3  
  148  21:27  Queen  
  148  21:30  Spore Crawler  
  149  21:43  Corruptor x2  
  146  21:57  Queen x3  
  152  22:01  Baneling x4  
  152  22:02  Baneling  
  152  22:12  Brood Lord  
  152  22:14  Zergling x2  
  152  22:15  Baneling x3  
  155  22:16  Baneling x3  
  155  22:30  Zergling x2  
  155  22:36  Corruptor  
  154  22:46  Overlord x2  
  154  22:53  Overlord x2  
  154  22:57  Zerg Flyer Armor Level 1  
  154  23:12  Hatchery  
  153  23:18  Corruptor  
  151  23:35  Corruptor  
  153  23:42  Corruptor  
  155  23:50  Corruptor  
  157  23:56  Baneling x2  
  155  24:21  Corruptor x2  
  159  24:26  Zergling x4  
  159  24:27  Zergling x2  
  159  24:30  Corruptor  
  163  24:33  Baneling  
  163  24:34  Baneling x3  
  163  24:44  Corruptor  
  165  24:47  Corruptor  
  165  24:50  Corruptor  
  167  24:53  Zergling x4  
  171  25:00  Brood Lord  
  171  25:16  Corruptor, Brood Lord  
  171  25:17  Brood Lord  
  177  25:27  Corruptor x2  
  181  25:32  Corruptor  
  183  25:42  Corruptor  
  177  25:58  Corruptor  
  177  25:59  Zergling x6  
  177  26:00  Zergling x6  
  177  26:01  Baneling x2  
  185  26:09  Zergling x8  
  185  26:10  Zergling x4  
  191  26:12  Baneling x4  
  191  26:20  Zergling x4  
  150  26:44  Zergling x6  
Show
View Real Time Build Order
Export as new Build Order

HeroMarine Terran 

Build Orders: Reaper Expand, MMM Bio 

Get SALT Encoding   

  12  0:00  SCV  
  13  0:13  SCV  
  14  0:17  Supply Depot  
  14  0:25  SCV  
  15  0:39  SCV  
  15  0:40  Barracks  
  16  0:44  Refinery  
  16  0:51  SCV  
  17  1:03  SCV  
  18  1:15  SCV  
  19  1:28  Orbital Command, Reaper  
  20  1:39  Command Center  
  20  1:52  Barracks  
  20  1:53  SCV  
  21  2:02  Barracks Reactor  
  21  2:05  SCV  
  22  2:10  Supply Depot  
  22  2:12  Refinery  
  22  2:17  SCV  
  23  2:31  SCV  
  24  2:38  Marine x2  
  24  2:39  Barracks Tech Lab  
  24  2:41  Factory  
  24  2:44  SCV  
  27  2:51  Orbital Command  
  27  2:56  SCV  
  28  3:00  Stimpack  
  28  3:01  Marine x2  
  28  3:02  Marine  
  31  3:08  SCV  
  32  3:18  SCV  
  33  3:20  Marine x2, SCV  
  33  3:25  Starport  
  36  3:28  Factory Reactor  
  36  3:30  SCV  
  36  3:32  SCV  
  38  3:36  Marine  
  38  3:37  Marine  
  38  3:38  Marine  
  41  3:43  Supply Depot  
  41  3:44  SCV  
  41  3:45  SCV  
  42  3:53  Marine  
  43  3:56  Marine  
  43  3:57  SCV x2  
  46  4:05  Marine  
  46  4:08  Supply Depot  
  46  4:09  SCV x2  
  49  4:11  Marine, Medivac x2  
  49  4:15  Supply Depot  
  54  4:19  Refinery  
  54  4:21  Marine  
  54  4:27  SCV  
  54  4:31  Marine, SCV  
  56  4:33  Engineering Bay  
  56  4:35  Engineering Bay  
  56  4:38  Marine  
  56  4:39  Marine  
  56  4:40  SCV  
  56  4:43  SCV  
  56  4:45  Widow Mine  
  60  4:46  Medivac  
  60  4:48  Supply Depot  
  60  4:50  Marine  
  60  4:52  SCV  
  66  4:55  SCV  
  66  4:56  Marine  
  68  5:02  Terran Infantry Weapons Level 1, Terran Infantry Armor Level 1  
  68  5:05  Marine  
  68  5:06  Combat Shields  
  69  5:07  SCV  
  69  5:09  Marine  
  69  5:14  Marine  
  72  5:23  Marine  
  72  5:27  Command Center, Marine  
  74  5:32  Marine  
  75  5:37  Barracks  
  75  5:38  Factory Reactor  
  75  5:39  Starport Reactor  
  75  5:41  Marine  
  76  5:45  Marine, Supply Depot  
  77  5:50  Barracks  
  77  5:52  Barracks, Marine  
  78  6:00  Supply Depot  
  78  6:06  Marine x2, SCV x2  
  82  6:15  Widow Mine x2  
  86  6:18  Armory  
  86  6:19  Refinery  
  86  6:21  Medivac x2  
  86  6:22  SCV x2  
  86  6:25  Supply Depot  
  92  6:26  Marine x2  
  94  6:38  Marine x2  
  94  6:39  Marine, SCV x2  
  99  6:42  Orbital Command  
  99  6:44  Marine  
  99  6:45  Marine  
  101  6:47  Barracks Reactor x2  
  101  6:48  Widow Mine x2  
  101  6:52  SCV x2  
  105  6:56  Marine x3  
  105  6:59  Medivac x2  
  112  7:05  SCV  
  112  7:06  SCV  
  114  7:09  Orbital Command  
  114  7:11  Marine x2  
  114  7:12  Terran Infantry Weapons Level 2  
  114  7:14  Marine  
  117  7:17  Terran Infantry Armor Level 2  
  117  7:27  Supply Depot x2  
  117  7:28  Marine  
  117  7:45  Marine x4  
  117  7:46  Marauder, SCV x2  
  117  7:48  Marine x3  
  117  7:49  SCV  
  117  7:50  Marine  
  130  7:51  Medivac  
  130  7:52  Medivac  
  130  7:58  SCV x2  
  136  8:01  SCV  
  136  8:03  Marine  
  136  8:05  Marine  
  139  8:06  Bunker  
  139  8:07  Marauder, Supply Depot  
  139  8:11  Supply Depot  
  141  8:17  SCV x2  
  141  8:24  Marine  
  141  8:25  Marine  
  141  8:28  Marine x3  
  141  8:29  Marauder  
  146  8:38  Barracks x2  
  146  8:39  Marine x2  
  146  8:40  Barracks  
  148  8:43  Supply Depot  
  148  8:50  Marauder  
  150  8:59  Marine x3  
  150  9:00  Marine x3  
  150  9:01  Marine  
  157  9:04  Marine, Widow Mine x2  
  157  9:06  Medivac  
  157  9:07  Supply Depot x2  
  164  9:11  Medivac  
  165  9:23  Command Center  
  165  9:28  Marauder, Marine  
  165  9:30  Terran Infantry Weapons Level 3  
  136  9:32  Widow Mine x2  
  136  9:38  Marine x3  
  142  9:39  Marine x2, Barracks Tech Lab x2, Barracks Reactor  
  142  9:41  Marine x2  
  142  9:42  Terran Infantry Armor Level 3  
  142  9:44  Medivac x2  
  149  9:45  Marine  
  149  9:50  Marauder, Refinery  
  152  9:55  Marine  
  152  9:56  Marine x2  
  152  9:57  Marine x2  
  152  9:59  Marine x2  
  161  10:01  Widow Mine x2  
  161  10:02  Marauder x2  
  167  10:07  Marine  
  167  10:11  Marauder  
  167  10:13  Marine x2  
  167  10:14  Marine  
  165  10:15  Marine x2  
  165  10:17  Marine  
  165  10:20  SCV x2  
  165  10:21  SCV  
  160  10:22  Marine  
  160  10:23  Marine  
  160  10:25  Marine x2  
  148  10:30  Widow Mine  
  148  10:32  SCV  
  148  10:34  Marine x2  
  148  10:35  Marine  
  140  10:48  SCV x3  
  143  10:52  Widow Mine  
  143  10:53  Marine x3  
  143  10:55  Marine  
  143  10:56  Marine  
  150  10:57  Marine  
  150  10:58  Widow Mine  
  150  11:00  Marine  
  150  11:01  Marine  
  150  11:04  Marauder, Marine  
  158  11:06  Marauder  
  158  11:07  Marine  
  158  11:10  Planetary Fortress  
  159  11:11  Marine  
  159  11:14  Marauder, Marine  
  96  11:18  Liberator x2  
  163  11:27  Marauder  
  163  11:30  Marine x5  
  163  11:32  Marauder  
  156  11:33  Marine x2  
  156  11:35  Marauder  
  156  11:38  Marine x2  
  155  11:48  Marauder  
  155  11:50  SCV x3  
  155  11:52  Marine x2  
  155  11:53  Widow Mine  
  158  11:54  Widow Mine  
  158  12:00  Marauder x2, Barracks Tech Lab  
  158  12:01  Liberator x2  
  164  12:10  Marauder, SCV x3  
  164  12:13  Marine  
  164  12:14  Marine  
  169  12:21  Marauder  
  160  12:23  Marine  
  160  12:27  Concussive Shells  
  158  12:31  Marine  
  158  12:34  Command Center  
  158  12:35  Marine x2  
  161  12:38  Marine x2  
  161  12:43  Marauder  
  165  12:44  Marine  
  165  12:45  Marine x2  
  142  13:01  Marauder, Marine  
  142  13:04  Marauder  
  142  13:05  Marauder  
  132  13:08  Marauder  
  121  13:15  Marine  
  121  13:16  Marine  
  122  13:22  Marauder  
  122  13:24  Marine  
  122  13:26  Marauder x2, Marine  
  130  13:28  Liberator  
  130  13:29  Marauder, Marine x2  
  130  13:31  Liberator  
  134  13:43  Marine  
  134  13:44  Marauder  
  134  13:47  Marauder  
  142  13:55  Marauder x2  
  121  14:03  Marine  
  121  14:04  Marine  
  121  14:05  Marauder, Marine  
  121  14:09  Marauder  
  124  14:12  Marine x2  
  124  14:14  Marine  
  124  14:16  Liberator x2  
  121  14:24  Marine  
  121  14:26  Marine x3  
  125  14:34  Marine  
  125  14:35  Marine  
  129  14:40  Marine x2  
  131  14:46  Marine x2  
  131  14:49  Widow Mine  
  135  14:54  Widow Mine  
  135  14:56  Planetary Fortress  
  135  14:59  Marine  
  138  15:02  Marine x2  
  138  15:05  Marauder  
  142  15:07  Marauder  
  142  15:11  Marauder, Liberator  
  146  15:15  Marauder  
  146  15:20  Marine x2  
  124  15:23  Marine  
  124  15:24  Marine  
  124  15:25  Marine  
  124  15:26  Marauder, Marine x2, Widow Mine x2  
  128  15:29  Marauder  
  128  15:32  Marauder  
  135  15:40  Marauder, Marine x3  
  135  15:41  Marine  
  139  15:44  Refinery  
  139  15:45  Marine x2  
  139  15:46  Marine  
  139  15:48  Marauder, Marine  
  145  15:50  Marine  
  145  15:51  Missile Turret  
  145  15:53  Refinery  
  145  15:54  Marauder  
  145  15:55  Widow Mine  
  145  15:56  Widow Mine  
  152  16:00  Marine  
  152  16:01  Marine  
  152  16:02  Marine  
  152  16:03  Marine x2  
  152  16:04  Marauder  
  159  16:06  Marine x2  
  159  16:08  Marauder  
  159  16:09  Marauder  
  163  16:15  Marauder  
  165  16:23  Widow Mine  
  165  16:25  Marauder, Marine x2  
  169  16:26  Command Center, Marine  
  169  16:29  Marauder  
  169  16:31  Marauder  
  174  16:33  Missile Turret  
  174  16:36  Marauder  
  173  16:55  Command Center  
  173  17:00  Sensor Tower  
  164  17:06  Marauder x2  
  165  17:15  Marine x3  
  163  17:16  Marine x3  
  163  17:18  Marine x2  
  163  17:20  Widow Mine x2  
  170  17:24  Marauder  
  172  17:31  Marauder x2  
  172  17:34  Medivac  
  178  17:44  Marauder  
  152  17:45  Marauder, Marine  
  152  17:49  Marine  
  152  17:50  Marine  
  123  17:55  Marine  
  123  17:57  Marine  
  102  17:59  Marine  
  102  18:01  Marine  
  88  18:07  Marine x2  
  90  18:22  Marine  
  91  18:28  Marine x2  
  76  18:37  Marauder x2, Marine  
  76  18:45  Marine  
  65  18:48  Marine  
  65  18:52  Marine  
  65  18:58  Marine, Planetary Fortress  
  65  19:00  Marine x2  
  62  19:03  Marauder  
  66  19:10  Marauder x2, Marine  
  66  19:12  Widow Mine  
  66  19:14  Marine  
  66  19:15  Marine  
  73  19:18  Marauder  
  73  19:21  Marine  
  73  19:22  Marine x2  
  73  19:23  Marine x2  
  80  19:25  Medivac  
  80  19:27  Medivac  
  80  19:29  Marine  
  80  19:30  Marine  
  88  19:31  Marauder  
  88  19:33  Marauder  
  88  19:35  Marine x2  
  92  19:40  Marine x3  
  92  19:41  Widow Mine x2  
  92  19:44  Marine x2  
  101  19:46  Marine  
  101  19:47  Marine  
  101  19:49  Marauder  
  105  19:55  Medivac  
  105  19:56  Marauder  
  105  19:57  Medivac  
  105  19:58  Marauder  
  105  19:59  Marine  
  114  20:01  Marine  
  114  20:02  Marine  
  114  20:04  Marauder  
  114  20:06  Marine x2  
  120  20:08  Marine  
  120  20:09  Marine  
  120  20:14  Marauder, Marine  
  123  20:16  Marine, Widow Mine  
  123  20:18  Widow Mine  
  129  20:23  Marauder  
  129  20:24  Marauder  
  129  20:25  Medivac  
  129  20:26  Marauder  
  137  20:34  Marine x2  
  137  20:35  Marauder  
  141  20:41  Marine x2  
  143  20:44  Marauder  
  143  20:45  Widow Mine  
  143  20:46  Widow Mine  
  143  20:48  Marauder, Marine x2  
  143  20:49  Marine  
  153  20:52  Marauder  
  153  20:53  Marine  
  156  21:00  Marauder  
  158  21:05  Marauder  
  160  21:14  Widow Mine  
  160  21:15  Widow Mine  
  164  21:27  Marauder x2  
  164  21:30  Refinery  
  164  21:32  Command Center  
  168  21:35  Marine x2  
  172  21:42  Widow Mine  
  172  21:44  Widow Mine  
  176  21:50  Marauder  
  176  21:51  Marine x4  
  176  21:52  Marine  
  185  21:59  Marauder  
  188  22:04  Marine x2  
  188  22:08  Viking  
  185  22:17  Marauder  
  185  22:18  Viking  
  185  22:21  Marine x2  
  184  22:38  Viking  
  184  22:42  Starport  
  186  22:48  Viking  
  186  22:50  Marauder  
  190  22:55  Terran Ship Weapons Level 1  
  195  23:08  Viking  
  192  23:14  Widow Mine  
  192  23:18  Viking  
  182  23:37  Viking  
  182  23:39  Ghost Academy  
  182  23:41  Widow Mine  
  186  23:52  Viking x3  
  192  23:56  Planetary Fortress  
  192  24:11  Viking  
  192  24:22  Viking  
  190  24:29  Viking  
  188  24:40  Viking  
  188  24:41  Viking  
  187  24:55  Ghost  
  187  24:56  Ghost  
  191  25:04  Terran Vehicle And Ship Armor Level 1  
  191  25:13  Medivac  
  192  25:27  Missile Turret  
  192  25:29  Missile Turret  
  192  25:31  Missile Turret, Viking  
  194  25:41  Viking  
  196  25:43  Viking  
  198  25:56  Ghost  
  191  26:11  Marauder x2  
  194  26:17  Ghost  
  193  26:19  Marine  
  193  26:24  Ghost  
  193  26:32  Marauder  
  151  26:34  Marauder  
  151  26:37  Marine  
  110  26:40  Marine  
  110  26:43  Marine  
Tags
 
Add a new tag
Caveats
  • Supply blocks, unpowered buildings, or Contaminate may cause inaccurate times.
  • Supply counts are checked every 10 seconds.